[ AOE2 MATCH · #505193623 ]
UnrankedSpanish vs Bulgarians
Player's team · WIN
[ REPLAY ANALYSIS · EXTRACTED FROM THE RECORDED GAME ]
Feudal
10:56
Castle
19:37
Imperial
—
| APM avg | 53.8 |
| APM peak | 106 |
| eAPM avg | 27.3 |
| Villagers / military | 112 / 15 |
Focus
⚔️ 21.3% · 🌾 78.7%
Conquistador ×6 · Mangonel ×5 · Missionary ×4
Feudal
9:16
Castle
21:27
Imperial
—
| APM avg | 49.6 |
| APM peak | 81 |
| eAPM avg | 19.4 |
| Villagers / military | 58 / 33 |
Focus
⚔️ 28.0% · 🌾 72.0%
Skirmisher ×18 · Militia ×8 · Archer ×4 · Knight ×2 · Konnik ×1
Match map
Initial resources + every placement click. Lines = walls · curves = elevation contours. ◆ gold · ⬟ stone · ● berries · ✦ relic · ◌ wall gap
Your base· Open — opponent sealed themselves in
(***AlBy_Bkr***)'s base· ✓ Closed at 21:27 · 74t walls · no gate
Smoothed initial terrain · ◌ = detected wall gap · hover for details
Inputs per minute
— Hoanginator - - (***AlBy_Bkr***)
Build order — Hoanginator
First 150 of 217 actions detected
| 0:00 | Create | Villager (Male) |
| 0:02 | Build | House |
| 0:02 | Build | House |
| 0:07 | Create | Villager (Male) |
| 0:07 | Create | Villager (Male) |
| 0:07 | Create | Villager (Male) |
| 1:23 | Create | Villager (Male) |
| 1:42 | Create | Villager (Male) |
| 1:42 | Create | Villager (Male) |
| 2:06 | Create | Villager (Male) |
| 2:07 | Create | Villager (Male) |
| 2:17 | Build | Lumber Camp |
| 2:35 | Create | Villager (Male) |
| 2:35 | Create | Villager (Male) |
| 3:09 | Create | Villager (Male) |
| 3:09 | Create | Villager (Male) |
| 3:09 | Create | Villager (Male) |
| 3:22 | Build | House |
| 3:30 | Create | Villager (Male) |
| 3:30 | Create | Villager (Male) |
| 3:30 | Create | Villager (Male) |
| 4:27 | Create | Villager (Male) |
| 4:27 | Create | Villager (Male) |
| 4:28 | Create | Villager (Male) |
| 4:41 | Build | House |
| 4:42 | Build | Palisade Wall |
| 4:42 | Build | Palisade Wall |
| 4:57 | Build | Palisade Wall |
| 4:57 | Build | Palisade Wall |
| 5:05 | Create | Villager (Male) |
| 5:06 | Create | Villager (Male) |
| 5:06 | Create | Villager (Male) |
| 5:06 | Create | Villager (Male) |
| 5:06 | Create | Villager (Male) |
| 5:20 | Build | Palisade Wall |
| 5:21 | Build | Palisade Wall |
| 5:29 | Build | Palisade Wall |
| 5:42 | Build | Mill |
| 6:00 | Create | Villager (Male) |
| 6:01 | Create | Villager (Male) |
| 6:01 | Create | Villager (Male) |
| 6:01 | Create | Villager (Male) |
| 6:08 | Create | Villager (Male) |
| 6:08 | Create | Villager (Male) |
| 6:32 | Build | Palisade Wall |
| 6:54 | Build | Mining Camp |
| 7:18 | Create | Villager (Male) |
| 7:55 | Create | Villager (Male) |
| 8:18 | Create | Villager (Male) |
| 8:39 | Research | Feudal Age |
| 8:39 | Research | Feudal Age |
| 9:12 | Build | House |
| 9:29 | Build | House |
| 9:52 | Build | Palisade Wall |
| 9:53 | Build | Palisade Wall |
| 10:04 | Create | Villager (Male) |
| 10:12 | Build | Palisade Wall |
| 10:17 | Build | Palisade Wall |
| 10:23 | Build | Farm |
| 10:24 | Build | Farm |
| 10:28 | Create | Villager (Male) |
| 10:38 | Build | Palisade Wall |
| 10:49 | Research | Loom |
| 10:56 | Age | Feudal Age |
| 10:58 | Build | Watch Tower |
| 11:01 | Create | Villager (Male) |
| 11:07 | Create | Villager (Male) |
| 11:24 | Build | Stone Wall |
| 11:39 | Build | Stone Wall |
| 11:42 | Create | Villager (Male) |
| 11:58 | Build | Stone Wall |
| 12:14 | Create | Villager (Male) |
| 12:34 | Create | Villager (Male) |
| 12:46 | Create | Villager (Male) |
| 12:49 | Build | Market |
| 12:55 | Build | Blacksmith |
| 13:01 | Build | Blacksmith |
| 13:03 | Create | Villager (Male) |
| 13:19 | Build | Stone Wall |
| 13:20 | Build | Stone Wall |
| 13:31 | Create | Villager (Male) |
| 13:54 | Build | House |
| 14:02 | Build | Watch Tower |
| 14:05 | Create | Villager (Male) |
| 14:09 | Build | Watch Tower |
| 14:15 | Create | Villager (Male) |
| 14:29 | Build | Palisade Wall |
| 14:30 | Build | Palisade Wall |
| 14:45 | Build | Lumber Camp |
| 15:03 | Build | Farm |
| 15:06 | Build | Farm |
| 15:07 | Build | Farm |
| 15:16 | Create | Villager (Male) |
| 15:26 | Build | Farm |
| 15:33 | Create | Villager (Male) |
| 15:56 | Build | Watch Tower |
| 15:57 | Build | Mining Camp |
| 16:03 | Create | Villager (Male) |
| 16:28 | Create | Villager (Male) |
| 16:40 | Build | Farm |
| 16:57 | Research | Castle Age |
| 16:57 | Research | Castle Age |
| 17:14 | Build | Palisade Gate |
| 17:55 | Research | Double-Bit Axe |
| 18:27 | Research | Horse Collar |
| 18:28 | Research | Horse Collar |
| 18:38 | Build | Farm |
| 19:20 | Create | Villager (Male) |
| 19:24 | Build | Farm |
| 19:25 | Build | Farm |
| 19:37 | Age | Castle Age |
| 19:37 | Build | Farm |
| 19:40 | Build | Castle |
| 19:41 | Research | Wheelbarrow |
| 19:42 | Research | Wheelbarrow |
| 19:48 | Build | Monastery |
| 19:55 | Create | Villager (Male) |
| 20:06 | Build | Town Center |
| 20:15 | Research | Bow Saw |
| 20:15 | Research | Bow Saw |
| 20:23 | Create | Missionary |
| 20:32 | Build | House |
| 20:34 | Build | House |
| 20:38 | Create | Conquistador |
| 20:39 | Create | Conquistador |
| 20:47 | Build | Farm |
| 20:54 | Create | Villager (Male) |
| 20:55 | Create | Villager (Male) |
| 20:59 | Create | Villager (Male) |
| 21:00 | Create | Villager (Male) |
| 21:00 | Create | Villager (Male) |
| 21:03 | Build | Farm |
| 21:09 | Create | Villager (Male) |
| 21:09 | Create | Villager (Male) |
| 21:22 | Create | Missionary |
| 21:25 | Create | Conquistador |
| 21:42 | Create | Villager (Male) |
| 21:45 | Build | Farm |
| 21:57 | Create | Missionary |
| 22:04 | Create | Villager (Male) |
| 22:04 | Create | Villager (Male) |
| 22:05 | Build | Farm |
| 22:06 | Build | House |
| 22:08 | Build | House |
| 22:32 | Create | Villager (Male) |
| 22:32 | Create | Villager (Male) |
| 22:33 | Create | Villager (Male) |
| 22:34 | Build | Farm |
| 22:42 | Create | Villager (Male) |
| 22:42 | Create | Villager (Male) |
Build order — (***AlBy_Bkr***)
First 150 of 181 actions detected
| 0:00 | Create | Villager (Male) |
| 0:01 | Create | Villager (Male) |
| 0:01 | Create | Villager (Male) |
| 0:01 | Create | Villager (Male) |
| 0:02 | Build | House |
| 0:03 | Build | House |
| 1:24 | Create | Villager (Male) |
| 1:24 | Create | Villager (Male) |
| 1:59 | Create | Villager (Male) |
| 1:59 | Create | Villager (Male) |
| 2:00 | Create | Villager (Male) |
| 2:15 | Create | Villager (Male) |
| 2:52 | Create | Villager (Male) |
| 2:52 | Create | Villager (Male) |
| 2:52 | Create | Villager (Male) |
| 3:01 | Build | Lumber Camp |
| 3:17 | Create | Villager (Male) |
| 3:18 | Create | Villager (Male) |
| 3:18 | Create | Villager (Male) |
| 3:26 | Build | House |
| 3:35 | Create | Villager (Male) |
| 3:35 | Create | Villager (Male) |
| 3:43 | Create | Villager (Male) |
| 3:43 | Create | Villager (Male) |
| 3:43 | Create | Villager (Male) |
| 3:48 | Create | Villager (Male) |
| 3:48 | Create | Villager (Male) |
| 4:38 | Create | Villager (Male) |
| 4:38 | Create | Villager (Male) |
| 5:14 | Create | Villager (Male) |
| 5:21 | Create | Villager (Male) |
| 5:21 | Research | Loom |
| 6:03 | Build | Barracks |
| 6:27 | Build | House |
| 7:04 | Research | Feudal Age |
| 7:05 | Research | Feudal Age |
| 7:11 | Create | Militia |
| 7:22 | Build | Mining Camp |
| 7:30 | Create | Militia |
| 7:30 | Create | Militia |
| 7:59 | Create | Militia |
| 7:59 | Create | Militia |
| 7:59 | Create | Militia |
| 8:14 | Create | Militia |
| 8:24 | Build | Palisade Wall |
| 8:40 | Create | Militia |
| 8:43 | Create | Villager (Male) |
| 8:52 | Build | Palisade Wall |
| 8:57 | Build | Palisade Wall |
| 9:05 | Build | House |
| 9:16 | Age | Feudal Age |
| 9:22 | Research | Arson |
| 9:22 | Research | Arson |
| 9:26 | Build | Mill |
| 9:35 | Build | Archery Range |
| 9:54 | Create | Villager (Male) |
| 10:31 | Create | Archer |
| 10:36 | Build | Watch Tower |
| 10:43 | Create | Villager (Male) |
| 10:45 | Build | Blacksmith |
| 10:50 | Create | Archer |
| 11:04 | Build | Outpost |
| 11:11 | Create | Villager (Male) |
| 11:27 | Create | Archer |
| 11:30 | Build | Farm |
| 11:32 | Build | Farm |
| 11:35 | Create | Villager (Male) |
| 11:51 | Build | Farm |
| 11:55 | Build | Watch Tower |
| 12:06 | Build | Outpost |
| 12:10 | Research | Fletching |
| 12:12 | Build | Farm |
| 12:21 | Build | House |
| 12:43 | Create | Villager (Male) |
| 12:44 | Build | Farm |
| 12:56 | Create | Villager (Male) |
| 12:56 | Create | Villager (Male) |
| 12:58 | Build | Farm |
| 13:07 | Build | Farm |
| 13:16 | Create | Archer |
| 13:21 | Create | Villager (Male) |
| 13:35 | Build | Farm |
| 13:47 | Build | Watch Tower |
| 13:57 | Create | Villager (Male) |
| 13:59 | Build | Farm |
| 13:59 | Build | Farm |
| 14:23 | Create | Villager (Male) |
| 14:25 | Build | House |
| 14:51 | Create | Villager (Male) |
| 14:53 | Build | Farm |
| 14:53 | Build | Farm |
| 14:55 | Build | Farm |
| 15:11 | Create | Villager (Male) |
| 15:13 | Build | Mining Camp |
| 15:19 | Build | Palisade Wall |
| 15:25 | Build | Palisade Wall |
| 15:36 | Build | House |
| 15:51 | Create | Villager (Male) |
| 15:57 | Build | Palisade Wall |
| 16:02 | Build | Stone Wall |
| 16:10 | Build | Stone Wall |
| 16:16 | Build | Palisade Wall |
| 16:18 | Create | Villager (Male) |
| 16:18 | Create | Villager (Male) |
| 16:24 | Build | House |
| 16:29 | Build | Stone Wall |
| 16:33 | Create | Villager (Male) |
| 16:56 | Build | House |
| 17:23 | Create | Villager (Male) |
| 17:25 | Build | Market |
| 17:32 | Build | Palisade Wall |
| 17:52 | Create | Villager (Male) |
| 18:17 | Build | Stone Wall |
| 18:34 | Build | Palisade Wall |
| 18:47 | Research | Castle Age |
| 18:47 | Research | Castle Age |
| 18:48 | Research | Castle Age |
| 19:01 | Build | Archery Range |
| 19:11 | Build | Archery Range |
| 19:26 | Research | Double-Bit Axe |
| 19:26 | Research | Double-Bit Axe |
| 19:47 | Build | Archery Range |
| 19:57 | Build | Palisade Wall |
| 20:05 | Create | Villager (Male) |
| 20:06 | Create | Skirmisher |
| 20:06 | Create | Skirmisher |
| 20:24 | Build | Lumber Camp |
| 20:31 | Create | Skirmisher |
| 20:34 | Create | Villager (Male) |
| 20:39 | Create | Skirmisher |
| 20:39 | Create | Skirmisher |
| 20:47 | Build | House |
| 20:56 | Research | Padded Archer Armor |
| 20:56 | Research | Padded Archer Armor |
| 20:58 | Create | Skirmisher |
| 21:09 | Create | Skirmisher |
| 21:10 | Create | Skirmisher |
| 21:27 | Age | Castle Age |
| 21:39 | Build | University |
| 21:49 | Research | Elite Skirmisher (upgrade) |
| 21:49 | Research | Elite Skirmisher (upgrade) |
| 21:50 | Research | Bodkin Arrow |
| 21:51 | Research | Bodkin Arrow |
| 21:51 | Create | Villager (Male) |
| 21:52 | Create | Villager (Male) |
| 22:10 | Create | Skirmisher |
| 22:11 | Create | Skirmisher |
| 22:14 | Create | Villager (Male) |
| 23:01 | Research | Ballistics |
| 23:01 | Research | Ballistics |
Match timeline
| 4:42 | Hoanginator · wall_segment Palisade Wall x1 |
| 4:42 | Hoanginator · wall_segment Palisade Wall x1 |
| 4:57 | Hoanginator · wall_segment Palisade Wall x1 |
| 4:57 | Hoanginator · wall_segment Palisade Wall x1 |
| 5:20 | Hoanginator · wall_segment Palisade Wall x4 |
| 5:21 | Hoanginator · wall_segment Palisade Wall x1 |
| 5:29 | Hoanginator · wall_segment Palisade Wall x9 |
| 6:03 | (***AlBy_Bkr***) · first_building Barracks |
| 6:32 | Hoanginator · wall_segment Palisade Wall x11 |
| 8:24 | (***AlBy_Bkr***) · wall_segment Palisade Wall x1 |
| 8:52 | (***AlBy_Bkr***) · wall_segment Palisade Wall x1 |
| 8:57 | (***AlBy_Bkr***) · wall_segment Palisade Wall x1 |
| 9:16 | (***AlBy_Bkr***) · age_up feudal |
| 9:35 | (***AlBy_Bkr***) · first_building Archery Range |
| 9:52 | Hoanginator · wall_segment Palisade Wall x2 |
| 9:53 | Hoanginator · wall_segment Palisade Wall x1 |
| 10:12 | Hoanginator · wall_segment Palisade Wall x1 |
| 10:17 | Hoanginator · wall_segment Palisade Wall x1 |
| 10:38 | Hoanginator · wall_segment Palisade Wall x1 |
| 10:56 | Hoanginator · age_up feudal |
| 11:24 | Hoanginator · wall_segment Stone Wall x6 |
| 11:39 | Hoanginator · wall_segment Stone Wall x5 |
| 11:58 | Hoanginator · wall_segment Stone Wall x1 |
| 13:19 | Hoanginator · wall_segment Stone Wall x5 |
| 13:20 | Hoanginator · wall_segment Stone Wall x1 |
| 14:29 | Hoanginator · wall_segment Palisade Wall x1 |
| 14:30 | Hoanginator · wall_segment Palisade Wall x1 |
| 15:19 | (***AlBy_Bkr***) · wall_segment Palisade Wall x6 |
| 15:25 | (***AlBy_Bkr***) · wall_segment Palisade Wall x9 |
| 15:57 | (***AlBy_Bkr***) · wall_segment Palisade Wall x9 |
| 16:02 | (***AlBy_Bkr***) · wall_segment Stone Wall x12 |
| 16:10 | (***AlBy_Bkr***) · wall_segment Stone Wall x11 |
| 16:16 | (***AlBy_Bkr***) · wall_segment Palisade Wall x9 |
| 16:29 | (***AlBy_Bkr***) · wall_segment Stone Wall x4 |
| 16:45 | Hoanginator · first_market_sell 500 wood |
| 16:46 | Hoanginator · first_market_buy 100 food |
| 17:32 | (***AlBy_Bkr***) · wall_segment Palisade Wall x4 |
| 18:17 | (***AlBy_Bkr***) · wall_segment Stone Wall x6 |
| 18:34 | (***AlBy_Bkr***) · wall_segment Palisade Wall x1 |
| 19:22 | (***AlBy_Bkr***) · first_market_buy 100 wood |
| 19:37 | Hoanginator · age_up castle |
| 19:40 | Hoanginator · first_building Castle |
| 19:48 | Hoanginator · first_building Monastery |
| 19:57 | (***AlBy_Bkr***) · wall_segment Palisade Wall x4 |
| 21:27 | (***AlBy_Bkr***) · age_up castle |
| 22:41 | (***AlBy_Bkr***) · first_market_sell 100 stone |
| 23:58 | (***AlBy_Bkr***) · wall_segment Palisade Wall x1 |
| 24:32 | (***AlBy_Bkr***) · first_building Stable |
| 24:50 | Hoanginator · first_building Siege Workshop |
| 25:26 | (***AlBy_Bkr***) · first_building Krepost |
| 27:06 | Hoanginator · first_building Barracks |
| 28:00 | (***AlBy_Bkr***) · resign |
[ AI ANALYSIS · 1 CREDIT ]
What really happened in this match?
Wolo.gg analyzes every decision: build order, eco, micro, common mistakes by bracket. Personalized analysis on WhatsApp or Discord in 30 seconds.
Civ guide
Spanish
Perfil
Jugador #3241077